 Dungeon Crawl Stone Soup version 0.16-a0-3326-gb44eaf1 (webtiles) character file.

1435 Gorice the Cleaver (level 8, -3/63 HPs)
             Began as a Hill Orc Wanderer on Dec 27, 2014.
             Slain by Grinder (7 damage)
             ... while paralysed by Grinder
             ... on level 5 of the Dungeon.
             The game lasted 00:47:33 (6561 turns).

Gorice the Cleaver (Hill Orc Wanderer)              Turns: 6561, Time: 00:47:33

Health: -3/63      AC:  9    Str: 16    XL:     8   Next: 73%
Magic:  8/8        EV:  2    Int: 10    God:
Gold:   282        SH:  0    Dex: 13    Spells: 0 memorised, 7 levels left

rFire  . . .     SeeInvis .     a - +1 hand axe
rCold  . . .     Clarity  .     s - +1 scale mail
rNeg   . . .     SustAb   .     p - +2 buckler
rPois  .         Gourm    .     (no helmet)
rElec  .         Spirit   .     i - +0 cloak
rCorr  .         Warding  .     (no gloves)
rMut   .         Stasis   .     (no boots)
MR     .....                    (no amulet)
Stlth  ..........               (no ring)
                                (no ring)

@: paralysed, not resistant to hostile enchantments, extremely unstealthy
A: no striking features
a: Convert to Beogh


You were on level 5 of the Dungeon.
You were not hungry.

You visited 1 branch of the dungeon, and saw 6 of its levels.

You collected 282 gold pieces.

Inventory:

Hand weapons
 a - a +1 hand axe (weapon)
 b - a +0 hand crossbow
 c - a +3 dagger of pain
 j - a +0 quarterstaff
 y - a +0 dagger of electrocution
Missiles
 g - 19 poisoned needles
 Y - a throwing net (quivered)
 Z - 89 stones
Armour
 i - a +0 cloak (worn)
 p - a +2 buckler (worn)
 s - a +1 scale mail (worn)
 u - a +0 chain mail
 D - a +0 plate armour
Magical devices
 w - a wand of paralysis (0)
 x - a wand of digging (7)
 F - a wand of disintegration (15)
Scrolls
 h - 3 scrolls of remove curse
 l - a scroll of amnesia
 o - 2 scrolls of enchant weapon
 G - 2 scrolls of identify
Potions
 d - a potion of ambrosia
 k - 2 potions of resistance
 m - 2 potions of curing
 n - 2 potions of haste
 q - a potion of cure mutation
 v - a potion of restore abilities {unknown}
 B - a potion of invisibility {unknown}
Comestibles
 f - 5 meat rations
 t - 3 bread rations
 z - 5 fruits
 A - 2 beef jerkies


   Skills:
 - Level 3.2 Fighting
 * Level 9.2 Axes
 - Level 1.7 Staves
 + Level 4.7 Crossbows
 - Level 1.0 Throwing
 + Level 6.2 Armour
 - Level 1.0 Dodging
 - Level 1.1 Shields


You had 7 spell levels left.
You didn't know any spells.

Dungeon Overview and Level Annotations

Branches:
Dungeon (6/15)
 Temple: D:4-7

Altars:
Kikubaaqudgha
Ru
Trog
Vehumet
Zin
Jiyva

Annotations:
D:3 vvpUX: Siggers, bolt!, Sigmund
D:5 BLOAX's ghost, experienced HuTm; Grinder


Message History

The orc priest shouts, "Surrender to Beogh and we'll let you live!"
You hit Grinder.
Grinder is heavily wounded.
The orc priest utters an invocation to Beogh.
You feel a wave of unholy energy pass over you.
Grinder gestures at you.
You suddenly lose the ability to move!
Grinder hits you but does no damage. x2
The orc priest calls down the wrath of Beogh upon you.
Pain shoots through your body! Grinder hits you!
* * * LOW HITPOINT WARNING * * *
BLOAX's ghost turns its malevolent gaze towards you.
Grinder says, "Just stop there for a second..."
Grinder hits you!
* * * LOW HITPOINT WARNING * * *
You writhe in agony.
* * * LOW HITPOINT WARNING * * *
The orc priest hits you but does no damage.
Grinder hits you!
You die...

##### #.#...##.##...........
##.#.#.##.##........#..
#..#.#>##.##........#.W
#..#.......#........#..
########.#####.#..#........#..
#..............[..#.####......
####.###########.#...#.# #......
....รท### #o#).o#.# #......
####...# #####@#.5.#.# #......
##...## #.....5####.####......
#8...8# #.......W...#..)......
##...## #......##.....##......
#...# #......##.....#.......
##...## #......##.....#.#...##
#8...8# #......##.....#.#...##
####...########...##...........##
#8##...##8###8#...##...........##


You could see Grinder, an orc priest and BLOAX's ghost.

Vanquished Creatures
  A water moccasin (D:5)
  2 ogres
  A big kobold (D:4)
  A scorpion (D:5)
  2 crimson imps
  5 orc priests
  6 hounds
  A jelly (D:5)
  Natasha (twice) (D:4)
  3 orc wizards
  6 worker ants
  13 adders
  8 gnolls
  3 worms
  2 adder skeletons
  The ghost of BLOAX the Twirler, a weakling MiGl (D:3)
  5 giant geckos
  5 oozes
  18 orcs
  13 bats
  A bat skeleton (D:5)
  2 bat zombies
  2 giant cockroaches (D:1)
  11 goblins
  11 hobgoblins
  12 kobolds
  3 quokkas
  A ball python (D:3)
  A giant cockroach zombie (D:5)
  A giant gecko skeleton (D:5)
  3 giant newts
  A jackal skeleton (D:4)
  5 rats
  3 rat zombies (D:3)
155 creatures vanquished.

Notes
Turn   | Place    | Note
--------------------------------------------------------------
     0 | D:1      | Gorice, the Hill Orc Wanderer, began the quest for the Orb.
     0 | D:1      | Gorice set off with: a +0 leather armour, 3 throwing nets, a +0 quarterstaff, a +0 hand crossbow, 28 bolts, a meat ration
     0 | D:1      | Reached XP level 1. HP: 18/18 MP: 1/1
    37 | D:1      | You fall through a shaft!
    48 | D:2      | Reached XP level 2. HP: 12/25 MP: 2/2
   289 | D:1      | Reached skill level 3 in Fighting
   301 | D:1      | HP: 1/26 [hobgoblin (1)]
   852 | D:1      | Reached skill level 1 in Axes
   852 | D:1      | Reached XP level 3. HP: 31/31 MP: 3/3
  1671 | D:2      | Reached XP level 4. HP: 7/38 MP: 4/4
  2561 | D:3      | Reached XP level 5. HP: 42/45 MP: 5/5
  2682 | D:3      | Found an ancient bone altar of Kikubaaqudgha.
  2869 | D:3      | Found a sacrificial altar of Ru.
  2942 | D:3      | Found a bloodstained altar of Trog.
  3014 | D:2      | Reached skill level 4 in Axes
  3069 | D:3      | Reached XP level 6. HP: 43/51 MP: 6/6
  3078 | D:3      | Noticed Sigmund
  3454 | D:3      | Noticed BLOAX's ghost (weakling MiGl)
  3459 | D:3      | Killed BLOAX's ghost
  3804 | D:4      | Reached skill level 5 in Axes
  4076 | D:4      | Reached XP level 7. HP: 57/57 MP: 7/7
  4148 | D:4      | Reached skill level 6 in Axes
  4217 | D:4      | Noticed Natasha
  4231 | D:4      | Killed Natasha
  4530 | D:4      | Noticed Natasha
  4536 | D:4      | Killed Natasha
  4568 | D:4      | Found a glowing silver altar of Zin.
  4586 | D:4      | Reached skill level 5 in Armour
  4722 | D:4      | Reached skill level 7 in Axes
  4859 | D:5      | Entered Level 5 of the Dungeon
  4869 | D:5      | Found a viscous altar of Jiyva.
  4902 | D:5      | Reached XP level 8. HP: 46/63 MP: 8/8
  5063 | D:5      | Found a radiant altar of Vehumet.
  5143 | D:5      | Reached skill level 8 in Axes
  5565 | D:5      | Reached skill level 9 in Axes
  5733 | D:5      | Noticed BLOAX's ghost (experienced HuTm)
  6531 | D:6      | Noticed Grinder
  6556 | D:5      | Paralysed by Grinder for 5 turns
  6561 | D:5      | Slain by Grinder

Action                   |  1- 3 |  4- 6 |  7- 9 || total
-------------------------+-------+-------+-------++-------
Melee: Quarterstaff      |    49 |       |       ||    49
       Hand axe          |    30 |   163 |   419 ||   612
 Fire: Hand crossbow     |    48 |   109 |    67 ||   224
Throw: Throwing net      |       |       |     4 ||     4
Evoke: Wand              |       |       |     6 ||     6
  Use: Potion            |     1 |       |     2 ||     3
       Scroll            |     7 |     2 |     4 ||    13
  Eat: Chunk             |     2 |     7 |     7 ||    16
       Pizza             |       |     1 |     1 ||     2
